 Dungeon Crawl Stone Soup version 0.27-a0-1358-ga0a28fc8c3 (webtiles) character file.

Game seed: 10155782036970894210

539 Gargoyl the Skirmisher (level 7, -2/60 HPs)
             Began as a Gnoll Abyssal Knight on June 28, 2021.
             Was a Believer of Lugonu.
             Slain by a gnoll sergeant (6 damage)
             ... on level 5 of the Dungeon.
             The game lasted 00:05:10 (6603 turns).

Gargoyl the Skirmisher (Gnoll Abyssal Knight)       Turns: 6603, Time: 00:05:10

Health: -2/60      AC: 12    Str: 13    XL:     7   Next: 26%
Magic:  11/11      EV:  7    Int: 11    God:    Lugonu [**....]
Gold:   313        SH:  0    Dex: 12    Spells: 10/10 levels left

rFire    . . .     SeeInvis .   a - +2 hand axe
rCold    . . .     Faith    .   (no shield)
rNeg     . . .     Spirit   .   j - +0 chain mail
rPois    .         Reflect  .   c - +1 helmet
rElec    .         Harm     .   (no cloak)
rCorr    .         Rampage  .   (no gloves)
Will     .....                  (no boots)
Stlth    ..........             (no amulet)
HPRegen  0.20/turn              (no ring)
MPRegen  0.12/turn              (no ring)

@: no status effects
A: fangs 1, strong nose, distributed training
a: Renounce Religion, Depart the Abyss, Bend Space


You were on level 5 of the Dungeon.
You worshipped Lugonu.
Lugonu was pleased with you.
You visited 1 branch of the dungeon, and saw 5 of its levels.
You visited the Abyss 1 time.

You collected 313 gold pieces.

Inventory:

Hand Weapons
 a - a +2 hand axe (weapon)
 l - a +4 halberd of freezing
Missiles
 d - 9 poisoned darts (quivered)
Armour
 c - a +1 helmet (worn)
 j - a +0 chain mail (worn)
Scrolls
 b - a scroll of identify
 f - 3 scrolls of teleportation
 i - a scroll of fear
 m - a scroll of amnesia
Potions
 e - a potion of cancellation
 g - 3 potions of curing
 h - a potion of brilliance
 k - a potion of haste
 n - a potion of mutation {unknown}


   Skills:
 + Level 7.0 Fighting
 + Level 2.3 Short Blades
 + Level 2.3 Long Blades
 + Level 5.2 Axes
 + Level 2.3 Maces & Flails
 + Level 2.3 Polearms
 + Level 2.3 Staves
 + Level 2.3 Slings
 + Level 2.3 Bows
 + Level 2.3 Crossbows
 + Level 2.3 Throwing
 + Level 5.2 Armour
 + Level 3.5 Dodging
 + Level 2.3 Stealth
 + Level 2.3 Shields
 + Level 2.3 Unarmed Combat
 + Level 2.3 Spellcasting
 + Level 1.9 Conjurations
 + Level 1.9 Hexes
 + Level 1.9 Summonings
 + Level 1.9 Necromancy
 + Level 1.9 Translocations
 + Level 1.9 Transmutations
 + Level 1.9 Fire Magic
 + Level 1.9 Ice Magic
 + Level 1.9 Air Magic
 + Level 1.9 Earth Magic
 + Level 1.9 Poison Magic
 + Level 5.3 Invocations
 + Level 2.3 Evocations


You had 10 spell levels left.
You didn't know any spells.
Your spell library was empty.

Dungeon Overview and Level Annotations

Branches:
Dungeon (5/15)             Temple (0/1) D:4

Altars:
Makhleb
Wu Jian
Yredelemnul


Innate Abilities, Weirdness & Mutations

You have very sharp teeth.
Your uncanny sense of smell can sniff out nearby items.
Your experience applies equally to all skills.


Message History

Unknown command.
You hit the gnoll.
The gnoll is lightly wounded.
You hit the gnoll sergeant. The gnoll hits you with a +0 spear.
The gnoll sergeant hits you but does no damage.
Unknown command.
You closely miss the gnoll.
The gnoll is lightly wounded.
You hit the gnoll sergeant but do no damage.
The gnoll hits you but does no damage.
The gnoll sergeant hits you but does no damage.
Unknown command.
You hit the gnoll but do no damage.
The gnoll is lightly wounded.
You hit the gnoll sergeant. The gnoll hits you but does no damage.
The gnoll sergeant hits you but does no damage.
Unknown command.
You hit the gnoll. You bite the gnoll.
The gnoll is moderately wounded.
You hit the gnoll sergeant but do no damage.
You hit the gnoll. The gnoll hits you with a +0 flail.
The gnoll barely misses you.
The gnoll sergeant hits you with a +0 spear.
You hit the gnoll.
The gnoll is heavily wounded.
You hit the gnoll sergeant but do no damage.
You barely miss the gnoll. The gnoll hits you with a +0 flail!
* * * LOW HITPOINT WARNING * * *
The gnoll hits you with a +0 spear.
* * * LOW HITPOINT WARNING * * *
The gnoll sergeant hits you with a +0 spear.
* * * LOW HITPOINT WARNING * * *
You barely miss the gnoll. You bite the gnoll, but do no damage.
The gnoll is heavily wounded.
You hit the gnoll. You hit the gnoll sergeant. The gnoll barely misses you.
A gnoll comes into view. It is wielding a +0 flail.
The gnoll hits you with a +0 spear.
* * * LOW HITPOINT WARNING * * *
The gnoll sergeant hits you with a +0 spear.
You die...

.....# #......#...
###....## #......###. ..
#....... +........#. .g.
#......# #.....##.#.
...##......####.....#....
#............#.....+....
#.........<#.......#....
#.....g(..##............
#.....#@g..#........###.
#......g...#............
#..........#####........
#.......................
#..................#..#.
.....#...................#.
#.####....##.........###.#.
# #...................#.
#.##.##.........###...


You could see a gnoll sergeant and 3 gnolls.

Vanquished Creatures
  A necrophage (D:4)
  A water moccasin skeleton (D:5)
  A howler monkey (D:5)
  A jelly (D:5)
  An orc priest (D:3)
  An iguana (D:5)
  2 orc wizards (D:3)
  2 hound skeletons (D:4)
  6 gnolls (D:4)
  5 adders
  An adder skeleton (D:4)
  3 worms
  2 dart slugs
  10 orcs
  7 endoplasms
  2 giant cockroaches
  3 goblins
  8 hobgoblins
  A quokka (D:4)
  7 ball pythons
  7 bats
  2 frilled lizards
  4 kobolds
  4 rats
82 creatures vanquished.

Vanquished Creatures (others)
  8 toadstools (D:5)
8 creatures vanquished.

Grand Total: 90 creatures vanquished

Notes
Turn   | Place    | Note
-------+----------+-------------------------------------------
     0 | Abyss:1  | Gargoyl the Gnoll Abyssal Knight began the quest for the
                  | Orb.
     0 | Abyss:1  | Reached XP level 1. HP: 23/23 MP: 3/3
    91 | Abyss:1  | Noticed a small abomination
    92 | Abyss:1  | Noticed a sixfirhy
    94 | D:1      | Escaped the Abyss
   336 | D:1      | Reached XP level 2. HP: 20/29 MP: 5/5
   490 | D:1      | Reached * piety under Lugonu
   971 | D:1      | Reached XP level 3. HP: 35/35 MP: 6/6
  1599 | D:2      | Found a basalt altar of Yredelemnul.
  1875 | D:2      | Reached skill level 1 in Short Blades
  1875 | D:2      | Reached skill level 1 in Long Blades
  1875 | D:2      | Reached skill level 1 in Maces & Flails
  1875 | D:2      | Reached skill level 1 in Polearms
  1875 | D:2      | Reached skill level 1 in Staves
  1875 | D:2      | Reached skill level 1 in Slings
  1875 | D:2      | Reached skill level 1 in Bows
  1875 | D:2      | Reached skill level 1 in Crossbows
  1875 | D:2      | Reached skill level 1 in Throwing
  1875 | D:2      | Reached skill level 1 in Stealth
  1875 | D:2      | Reached skill level 1 in Shields
  1875 | D:2      | Reached skill level 1 in Unarmed Combat
  1875 | D:2      | Reached skill level 1 in Spellcasting
  1875 | D:2      | Reached skill level 1 in Evocations
  2423 | D:2      | Reached XP level 4. HP: 41/41 MP: 7/7
  2699 | D:3      | HP: 2/41 [orc priest/divine providence (9)]
  2704 | D:3      | Reached skill level 1 in Conjurations
  2704 | D:3      | Reached skill level 1 in Hexes
  2704 | D:3      | Reached skill level 1 in Summonings
  2704 | D:3      | Reached skill level 1 in Necromancy
  2704 | D:3      | Reached skill level 1 in Translocations
  2704 | D:3      | Reached skill level 1 in Transmutations
  2704 | D:3      | Reached skill level 1 in Fire Magic
  2704 | D:3      | Reached skill level 1 in Ice Magic
  2704 | D:3      | Reached skill level 1 in Air Magic
  2704 | D:3      | Reached skill level 1 in Earth Magic
  2704 | D:3      | Reached skill level 1 in Poison Magic
  2704 | D:3      | Reached XP level 5. HP: 3/47 MP: 8/8
  3352 | D:3      | Reached ** piety under Lugonu
  4174 | D:4      | Found a staircase to the Ecumenical Temple.
  4585 | D:5      | Entered Level 5 of the Dungeon
  4605 | D:5      | Reached skill level 5 in Invocations
  4605 | D:5      | Reached XP level 6. HP: 29/53 MP: 9/9
  4920 | D:5      | Reached skill level 5 in Axes
  4920 | D:5      | Reached skill level 5 in Armour
  5373 | D:4      | Identified the +1 robe of Mumblety Peg {rElec}
  5402 | D:4      | Noticed a necrophage
  5423 | D:4      | Killed a necrophage
  5424 | D:4      | Reached XP level 7. HP: 38/59 MP: 10/10
  5838 | D:4      | Found an ornate altar of the Wu Jian Council.
  5838 | D:4      | Found a burning altar of Makhleb.
  6047 | D:4      | Reached skill level 7 in Fighting
  6603 | D:5      | Slain by a gnoll sergeant

Illustrated notes

Levels and vault maps discovered:
D:1:      minmay_arrival_stair_chambers, layout_loops_ring
D:2:      layout_basic, basic_altar
D:3:      layout_loops_ring, kennysheep_potato
D:4:      layout_loops_ring, gammafunk_temple_overflow_pools, temple_fountains,
          dk_rats_in_the_wall
D:5:      cheibrodos_fertilizer, layout_basic, gup_sewer_entry_bubbles

Skill      XL: |  1  2  3  4  5  6  7 |
---------------+----------------------+-----
Short Blades   | 1 2 |  2.3
Long Blades    | 1 2 |  2.3
Maces & Flails | 1 2 |  2.3
Polearms       | 1 2 |  2.3
Staves         | 1 2 |  2.3
Slings         | 1 2 |  2.3
Bows           | 1 2 |  2.3
Crossbows      | 1 2 |  2.3
Throwing       | 1 2 |  2.3
Stealth        | 1 2 |  2.3
Shields        | 1 2 |  2.3
Unarmed Combat | 1 2 |  2.3
Spellcasting   | 1 2 |  2.3
Evocations     | 1 2 |  2.3
Conjurations   | 1 |  1.9
Hexes          | 1 |  1.9
Summonings     | 1 |  1.9
Necromancy     | 1 |  1.9
Translocations | 1 |  1.9
Transmutations | 1 |  1.9
Fire Magic     | 1 |  1.9
Ice Magic      | 1 |  1.9
Air Magic      | 1 |  1.9
Earth Magic    | 1 |  1.9
Poison Magic   | 1 |  1.9
Dodging        | 3 |  3.5
Invocations    | 5 |  5.3
Axes           | 5 |  5.2
Armour         | 5 |  5.2
Fighting       | 7 |  7.0

Action                   |  1- 3 |  4- 6 |  7- 9 || total
-------------------------+-------+-------+-------++-------
Melee: Hand axe          |    98 |   227 |    53 ||   378
       Bite              |     8 |    20 |     7 ||    35
       Punch             |     2 |       |       ||     2
       Halberd           |       |       |     8 ||     8
Invok: Depart the Abyss  |     1 |       |       ||     1
  Use: Scroll            |     3 |     9 |     1 ||    13
Armor: Leather armour    |    35 |     1 |       ||    36
       Ring mail         |       |    65 |       ||    65
       Chain mail        |       |    29 |    50 ||    79
Dodge: Dodged            |    78 |    81 |    23 ||   182

Table legend: (Time is in decaauts)
 A = Elapsed time spent in this place.
 B = Non-inter-level travel time spent in this place.
 C = Inter-level travel time spent in this place.
 D = Time resting spent in this place.
 E = Time spent auto-exploring this place.
 F = Levels seen in this place.
 G = Mean time per level.
                   A        B        C        D        E       F      G
               +--------+--------+--------+--------+--------+-----+--------+
         Total |   6633 |   6442 |    191 |    581 |   4937 |   6 | 1105.5 |
       Dungeon |   6539 |   6348 |    191 |    581 |   4859 |   5 | 1307.8 |
         Abyss |     94 |     94 |      0 |      0 |     78 |   1 |   94.0 |
               +--------+--------+--------+--------+--------+-----+--------+

Top non-repeatable levels by time:
     D:4: 1771 daAuts
     D:3: 1618 daAuts
     D:2: 1291 daAuts
     D:1: 1188 daAuts
     D:5: 668 daAuts
 Abyss:1: 94 daAuts
